| TOP OF THE 1ST |
|
Peoria Chiefs batting - Pitching for Wisconsin Timber Rattlers : RHP Jason Miles
|
|
Pitching: RHP Jason Miles
|
|
|
Batting: LHB Ken Compton
|
0-0: Called Strike 0-1: Ground out 4-3 (Groundball, 4, EV 104.4 MPH)
|
|
Batting: RHB Melvin Enriquez
|
0-0: Swinging Strike 0-1: Called Strike 0-2: Foul Ball, location: 2F 0-2: Fly out, F7 (Flyball, 7, EV 83.1 MPH)
|
|
Batting: RHB Terry Baginski
|
0-0: Ball 1-0: Called Strike 1-1: Called Strike 1-2: Ball 2-2: SINGLE (Groundball, 4D, EV 100.6 MPH)
|
|
Batting: RHB Dan Boykins
|
0-0: Ball Terry Baginski steals 2nd base 1-0: Called Strike 1-1: Foul Ball, location: 2F 1-2: Foul Ball, location: 2F 1-2: Ball 2-2: Strikes out looking
|
| Top of the 1st over - 0 runs, 1 hit, 0 errors, 1 left on base; Peoria 0 - Wisconsin 0 |
| BOTTOM OF THE 1ST |
|
Wisconsin Timber Rattlers batting - Pitching for Peoria Chiefs : RHP Ben Cook
|
|
Pitching: RHP Ben Cook
|
|
|
Batting: RHB Carlos Salazar
|
0-0: Called Strike 0-1: Ball 1-1: Foul Ball, location: 2F 1-2: Strikes out swinging
|
|
Batting: RHB Nick Garland
|
0-0: Foul Ball, location: 2F 0-1: SINGLE (Flyball, 5D, EV 92.5 MPH)
|
|
Batting: LHB Joe Vida
|
0-0: Called Strike 0-1: Foul Ball, location: 2F 0-2: Hit by Pitch Nick Garland to second
|
|
Batting: RHB Rafael Medina
|
0-0: SINGLE (Line Drive, 5L, EV 95.6 MPH) Nick Garland to third Joe Vida to second
|
|
Batting: RHB Nick Spiller
|
0-0: Called Strike 0-1: Ball 1-1: Called Strike 1-2: Ball 2-2: Foul Ball, location: 2F 2-2: Strikes out swinging
|
|
Batting: RHB John Freeman
|
0-0: SINGLE (Line Drive, 5D, EV 96.3 MPH) Nick Garland scores Joe Vida to third Rafael Medina to second
|
|
Batting: RHB Gene Sutton
|
0-0: SINGLE (Groundball, 6MD, EV 101.3 MPH) Joe Vida scores Rafael Medina to third John Freeman to second Runner from 3rd tries for Home, SAFE, throw by CF to home
|
|
Batting: RHB Dave Bateman
|
0-0: Ground out 6-3 (Groundball, 6S, EV 78.8 MPH)
|
| Bottom of the 1st over - 3 runs, 4 hits, 0 errors, 2 left on base; Peoria 0 - Wisconsin 3 |
| TOP OF THE 2ND |
|
Peoria Chiefs batting - Pitching for Wisconsin Timber Rattlers : RHP Jason Miles
|
|
Batting: RHB Travis Leonard
|
0-0: Foul Ball, location: 2F 0-1: Swinging Strike 0-2: Strikes out looking
|
|
Batting: LHB Robert Rauda
|
0-0: Fly out, F9 (Line Drive, 9D, EV 104.4 MPH)
|
|
Batting: RHB Josh Martin
|
0-0: Ball 1-0: Ball 2-0: Ball 3-0: Base on Balls
|
|
Batting: RHB Justin Reich
|
0-0: Ball 1-0: Ball 2-0: Called Strike Josh Martin steals 2nd base 2-1: Called Strike 2-2: Ground out 6-3 (Groundball, 6, EV 87.5 MPH)
|
| Top of the 2nd over - 0 runs, 0 hits, 0 errors, 1 left on base; Peoria 0 - Wisconsin 3 |
| BOTTOM OF THE 2ND |
|
Wisconsin Timber Rattlers batting - Pitching for Peoria Chiefs : RHP Ben Cook
|
|
Batting: RHB Raymond Young
|
0-0: Ball 1-0: Ground out 4-3 (Groundball, 4, EV 84.4 MPH)
|
|
Batting: RHB Carlos Salazar
|
0-0: Ball 1-0: Fly out, F9 (Flyball, 89D, EV 82.5 MPH)
|
|
Batting: RHB Nick Garland
|
0-0: Ball 1-0: Fly out, F1 (Line Drive, P, EV 66.3 MPH)
|
| Bottom of the 2nd over - 0 runs, 0 hits, 0 errors, 0 left on base; Peoria 0 - Wisconsin 3 |
| TOP OF THE 3RD |
|
Peoria Chiefs batting - Pitching for Wisconsin Timber Rattlers : RHP Jason Miles
|
|
Batting: RHB Chris Simmons
|
0-0: Ball 1-0: Called Strike 1-1: Swinging Strike 1-2: Ground out 5-3 (Groundball, 56, EV 105.6 MPH)
|
|
Batting: LHB Ken Compton
|
0-0: Foul Ball, location: 2F 0-1: Ball 1-1: SINGLE (Line Drive, 8RS, EV 85.6 MPH)
|
|
Batting: RHB Melvin Enriquez
|
0-0: Ball Ken Compton steals 2nd base 1-0: Ball 2-0: Swinging Strike 2-1: Ground out 5-3 (Groundball, 56S, EV 79.4 MPH)
|
|
Batting: RHB Terry Baginski
|
0-0: Ball 1-0: Ball 2-0: Ball Passed Ball! Ken Compton to third 3-0: Base on Balls
|
|
Batting: RHB Dan Boykins
|
0-0: Ball Terry Baginski steals 2nd base 1-0: Ball 2-0: Ball 3-0: Called Strike 3-1: Foul Ball, location: 2F 3-2: Base on Balls
|
|
Batting: RHB Travis Leonard
|
0-0: Ball 1-0: Ground out 5-3 (Groundball, 56S, EV 65.0 MPH)
|
| Top of the 3rd over - 0 runs, 1 hit, 0 errors, 3 left on base; Peoria 0 - Wisconsin 3 |
| BOTTOM OF THE 3RD |
|
Wisconsin Timber Rattlers batting - Pitching for Peoria Chiefs : RHP Ben Cook
|
|
Batting: LHB Joe Vida
|
0-0: Ball 1-0: Ball 2-0: Foul Ball, location: 2F 2-1: Ground out 4-3 (Groundball, 4S, EV 86.9 MPH)
|
|
Batting: RHB Rafael Medina
|
0-0: Ball 1-0: Called Strike 1-1: Ball 2-1: Fly out, F8 (Flyball, 78D, EV 98.1 MPH)
|
|
Batting: RHB Nick Spiller
|
0-0: Ball 1-0: Called Strike 1-1: Foul Ball, location: 2F 1-2: Ball 2-2: Foul Ball, location: 2F 2-2: Ball 3-2: Foul Ball, location: 2F 3-2: Ground out 4-3 (Groundball, 4S, EV 73.1 MPH)
|
| Bottom of the 3rd over - 0 runs, 0 hits, 0 errors, 0 left on base; Peoria 0 - Wisconsin 3 |
| TOP OF THE 4TH |
|
Peoria Chiefs batting - Pitching for Wisconsin Timber Rattlers : RHP Jason Miles
|
|
Batting: LHB Robert Rauda
|
0-0: Called Strike 0-1: Ball 1-1: Swinging Strike 1-2: Strikes out swinging
|
|
Batting: RHB Josh Martin
|
0-0: Called Strike 0-1: Ground out 5-3 (Groundball, 56S, EV 61.3 MPH)
|
|
Batting: RHB Justin Reich
|
0-0: Ball 1-0: Fly out, F4 (Line Drive, 4, EV 68.1 MPH)
|
| Top of the 4th over - 0 runs, 0 hits, 0 errors, 0 left on base; Peoria 0 - Wisconsin 3 |
| BOTTOM OF THE 4TH |
|
Wisconsin Timber Rattlers batting - Pitching for Peoria Chiefs : RHP Ben Cook
|
|
Batting: RHB John Freeman
|
0-0: Called Strike 0-1: Hit by Pitch
|
|
Batting: RHB Gene Sutton
|
0-0: Swinging Strike 0-1: Called Strike 0-2: Ball 1-2: Foul Ball, location: 2F 1-2: Ball 2-2: Foul Ball, location: 2F 2-2: SINGLE (Groundball, 56S, EV 65.0 MPH) (infield hit) John Freeman to second
|
|
Batting: RHB Dave Bateman
|
0-0: Called Strike 0-1: Ball Passed Ball! John Freeman to third Gene Sutton to second 1-1: Ball 2-1: Ball 3-1: SINGLE (Groundball, 6, EV 85.6 MPH) (infield hit) John Freeman scores Gene Sutton to third
|
|
Batting: RHB Raymond Young
|
0-0: Ball 1-0: Foul Ball, location: 2F 1-1: SINGLE (Groundball, 4MD, EV 94.4 MPH) Gene Sutton scores Dave Bateman to second
|
|
Pitching: RHP John Larimore
|
|
|
Batting: RHB Carlos Salazar
|
0-0: Ball 1-0: Grounds into double play, 6-4-3 (Groundball, 6, EV 85.0 MPH) Dave Bateman to third
|
|
Batting: RHB Nick Garland
|
0-0: Foul Ball, location: 2F 0-1: SINGLE (Groundball, 56D, EV 96.3 MPH) Dave Bateman scores
|
|
Batting: LHB Joe Vida
|
0-0: Foul Ball, location: 2F 0-1: Foul Ball, location: 2F 0-2: Strikes out looking
|
| Bottom of the 4th over - 3 runs, 4 hits, 0 errors, 1 left on base; Peoria 0 - Wisconsin 6 |
| TOP OF THE 5TH |
|
Peoria Chiefs batting - Pitching for Wisconsin Timber Rattlers : RHP Jason Miles
|
|
Batting: RHB Chris Simmons
|
0-0: Ball 1-0: Called Strike 1-1: Swinging Strike 1-2: Ball 2-2: Ball 3-2: SINGLE (Groundball, 5S, EV 65.6 MPH) (infield hit)
|
|
Batting: LHB Ken Compton
|
0-0: Swinging Strike 0-1: SINGLE (Groundball, 25, EV 63.1 MPH) (infield hit) Chris Simmons to second
|
|
Batting: RHB Melvin Enriquez
|
0-0: Swinging Strike 0-1: Foul Ball, location: 2F 0-2: Ball 1-2: Foul Ball, location: 2F 1-2: Ball 2-2: Strikes out swinging
|
|
Batting: RHB Terry Baginski
|
0-0: Ball 1-0: Called Strike 1-1: Ball Passed Ball! Chris Simmons to third Ken Compton to second 2-1: Called Strike 2-2: Strikes out swinging
|
|
Batting: RHB Dan Boykins
|
0-0: Ball 1-0: Ball 2-0: Ball 3-0: Called Strike 3-1: Hit by Pitch
|
|
Batting: RHB Travis Leonard
|
0-0: Ball 1-0: Ball 2-0: Swinging Strike 2-1: SINGLE (Line Drive, 78M, EV 96.9 MPH) Chris Simmons scores Ken Compton to third Dan Boykins to second Runner from 3rd tries for Home, throw by CF and OUT! 8-2
|
| Top of the 5th over - 1 run, 3 hits, 0 errors, 2 left on base; Peoria 1 - Wisconsin 6 |
| BOTTOM OF THE 5TH |
|
Wisconsin Timber Rattlers batting - Pitching for Peoria Chiefs : RHP John Larimore
|
|
Batting: RHB Rafael Medina
|
0-0: Called Strike 0-1: Foul Ball, location: 2F 0-2: Ground out 6-3 (Groundball, 56, EV 80.0 MPH)
|
|
Batting: RHB Nick Spiller
|
0-0: Foul Ball, location: 2F 0-1: Ball 1-1: SINGLE (Groundball, 6MD, EV 96.9 MPH)
|
|
Batting: RHB John Freeman
|
0-0: Called Strike Nick Spiller is caught stealing 2nd base 2-4 0-1: Ball 1-1: Ball 2-1: Fly out, F9 (Line Drive, 9, EV 88.1 MPH)
|
| Bottom of the 5th over - 0 runs, 1 hit, 0 errors, 0 left on base; Peoria 1 - Wisconsin 6 |
| TOP OF THE 6TH |
|
Peoria Chiefs batting - Pitching for Wisconsin Timber Rattlers : RHP Jason Miles
|
|
Batting: LHB Robert Rauda
|
0-0: Ball 1-0: Called Strike 1-1: SINGLE (Groundball, 25, EV 72.5 MPH) (infield hit)
|
|
Pitching: RHP Jason Ukena
|
|
|
Batting: RHB Josh Martin
|
0-0: Ball 1-0: Ball Robert Rauda steals 2nd, throwing error, E2 Robert Rauda to third 2-0: Called Strike 2-1: Foul Ball, location: 2F 2-2: Strikes out swinging
|
|
Batting: RHB Justin Reich
|
0-0: Ball 1-0: Ball 2-0: Ball 3-0: Base on Balls
|
|
Pinch Hitting: LHB Jay Fenderson
|
0-0: Ball 1-0: Called Strike 1-1: Fielders Choice at 2nd, 6-4 (Groundball, 6, EV 89.4 MPH) Robert Rauda scores
|
|
Batting: LHB Ken Compton
|
0-0: Ball 1-0: Called Strike 1-1: Ball Jay Fenderson steals 2nd base 2-1: Ground out 4-3 (Groundball, 34, EV 95.0 MPH)
|
| Top of the 6th over - 1 run, 1 hit, 1 error, 1 left on base; Peoria 2 - Wisconsin 6 |
| BOTTOM OF THE 6TH |
|
Wisconsin Timber Rattlers batting - Pitching for Peoria Chiefs : RHP John Larimore
|
|
Now at 3B: Bobby O'Leary
|
|
|
Batting: RHB Gene Sutton
|
0-0: Called Strike 0-1: Ball 1-1: Ground out 5-3 (Groundball, 56S, EV 88.8 MPH)
|
|
Batting: RHB Dave Bateman
|
0-0: Called Strike 0-1: Foul Ball, location: 2F 0-2: Ball 1-2: SINGLE (Groundball, 56S, EV 71.9 MPH) (infield hit)
|
|
Batting: RHB Raymond Young
|
0-0: SINGLE (Line Drive, 34D, EV 105.6 MPH) Dave Bateman to second
|
|
Batting: RHB Carlos Salazar
|
0-0: Foul Ball, location: 2F 0-1: SINGLE (Groundball, 6, EV 99.4 MPH) Dave Bateman to third Raymond Young to second Runner from 3rd tries for Home, throw by CF and OUT! 8-2
|
|
Batting: RHB Nick Garland
|
0-0: Ball 1-0: Called Strike 1-1: Ball 2-1: Ball 3-1: Foul Ball, location: 2F 3-2: Base on Balls Raymond Young to third Carlos Salazar to second
|
|
Batting: LHB Joe Vida
|
0-0: Foul Ball, location: 2F 0-1: Foul Ball, location: 2F 0-2: Foul Ball, location: 2F 0-2: Strikes out swinging
|
| Bottom of the 6th over - 0 runs, 3 hits, 0 errors, 3 left on base; Peoria 2 - Wisconsin 6 |
| TOP OF THE 7TH |
|
Peoria Chiefs batting - Pitching for Wisconsin Timber Rattlers : RHP Jason Ukena
|
|
Pitching: RHP Joe Shaw
|
|
|
Batting: RHB Melvin Enriquez
|
0-0: Called Strike 0-1: Fly out, F8 (Line Drive, 8LM, EV 95.6 MPH)
|
|
Batting: RHB Terry Baginski
|
0-0: Ball 1-0: Ball 2-0: Ball 3-0: Called Strike 3-1: Called Strike 3-2: Base on Balls
|
|
Batting: RHB Dan Boykins
|
0-0: Ball 1-0: Swinging Strike 1-1: Called Strike 1-2: Ball 2-2: Ball Terry Baginski steals 2nd base 3-2: Foul Ball, location: 2F 3-2: Ground out 4-3 (Groundball, 4, EV 88.1 MPH) Terry Baginski to third
|
|
Batting: RHB Travis Leonard
|
0-0: Foul Ball, location: 2F 0-1: Foul Ball, location: 2F 0-2: Fly out, F7 (Flyball, 7S, EV 88.1 MPH)
|
| Top of the 7th over - 0 runs, 0 hits, 0 errors, 1 left on base; Peoria 2 - Wisconsin 6 |
| BOTTOM OF THE 7TH |
|
Wisconsin Timber Rattlers batting - Pitching for Peoria Chiefs : RHP John Larimore
|
|
Pitching: LHP Luis Herrera
|
|
|
Batting: RHB Rafael Medina
|
0-0: Ball 1-0: Ball 2-0: SINGLE (Line Drive, 89S, EV 92.5 MPH)
|
|
Batting: RHB Nick Spiller
|
0-0: Ball 1-0: Foul Ball, location: 2F 1-1: Fielders Choice at 2nd, 6-4 (Groundball, 6, EV 88.8 MPH)
|
|
Batting: RHB John Freeman
|
0-0: Ball 1-0: Called Strike 1-1: Ball 2-1: Fielders Choice at 2nd, 6-4 (Groundball, 6, EV 84.4 MPH)
|
|
Batting: RHB Gene Sutton
|
0-0: Called Strike 0-1: Foul Ball, location: 2F 0-2: Ball John Freeman steals 2nd base 1-2: Ground out 5-3 (Groundball, 56S, EV 83.1 MPH)
|
| Bottom of the 7th over - 0 runs, 1 hit, 0 errors, 1 left on base; Peoria 2 - Wisconsin 6 |
| TOP OF THE 8TH |
|
Peoria Chiefs batting - Pitching for Wisconsin Timber Rattlers : RHP Joe Shaw
|
|
Batting: LHB Robert Rauda
|
0-0: Ball 1-0: Ball 2-0: Foul Ball, location: 2F 2-1: Ball 3-1: Called Strike 3-2: Fly out, F8 (Line Drive, 8RM, EV 97.5 MPH)
|
|
Batting: RHB Josh Martin
|
0-0: SOLO HOME RUN (Flyball, 7LD, EV 94.4 MPH), Distance : 349 ft
|
|
Batting: RHB Justin Reich
|
0-0: Ball 1-0: SINGLE (Groundball, P, EV 92.5 MPH) (infield hit)
|
|
Batting: SHB Bobby O'Leary
|
0-0: Foul Ball, location: 2F 0-1: Foul Ball, location: 2F 0-2: Ball 1-2: Ball Wild Pitch! Justin Reich to second 2-2: Ball 3-2: Foul Ball, location: 2F 3-2: Ground out 5-3 (Groundball, 56, EV 86.9 MPH)
|
|
Batting: LHB Ken Compton
|
0-0: Called Strike 0-1: Ball 1-1: Ball 2-1: Swinging Strike 2-2: Ground out 6-3 (Groundball, 6, EV 100.0 MPH)
|
| Top of the 8th over - 1 run, 2 hits, 0 errors, 1 left on base; Peoria 3 - Wisconsin 6 |
| BOTTOM OF THE 8TH |
|
Wisconsin Timber Rattlers batting - Pitching for Peoria Chiefs : LHP Luis Herrera
|
|
Pitching: RHP Bryan Vandenburgh
|
|
|
Batting: RHB Dave Bateman
|
0-0: Ball 1-0: Called Strike 1-1: Fly out, F8 (Flyball, 78D, EV 72.5 MPH)
|
|
Batting: RHB Raymond Young
|
0-0: Ball 1-0: Called Strike 1-1: Ball 2-1: Ball 3-1: Swinging Strike 3-2: Strikes out swinging
|
|
Batting: RHB Carlos Salazar
|
0-0: Foul Ball, location: 2F 0-1: Called Strike 0-2: Ball 1-2: Strikes out swinging
|
| Bottom of the 8th over - 0 runs, 0 hits, 0 errors, 0 left on base; Peoria 3 - Wisconsin 6 |
| TOP OF THE 9TH |
|
Peoria Chiefs batting - Pitching for Wisconsin Timber Rattlers : RHP Joe Shaw
|
|
Pitching: RHP Elijah Seabrooks
|
|
|
Batting: RHB Melvin Enriquez
|
0-0: Ball 1-0: Fly out, F9 (Flyball, 89S, EV 76.9 MPH)
|
|
Batting: RHB Terry Baginski
|
0-0: Ball 1-0: Ground out 4-3 (Groundball, 4M, EV 83.8 MPH)
|
|
Batting: RHB Dan Boykins
|
0-0: Fly out, F8 (Flyball, 8LD, EV 102.5 MPH)
|
| Top of the 9th over - 0 runs, 0 hits, 0 errors, 0 left on base; Peoria 3 - Wisconsin 6 |
|